 Dungeon Crawl Stone Soup version 0.31-a0-219-g8d62b2e7bb (webtiles) character file.

Game seed: 15364452973800848535

92 qw the Chopper (level 4, -5/28 HPs)
             Began as a Gargoyle Fighter on July 3, 2023.
             Slain by an ogre
             ... wielding a +0 giant club
              (13 damage)
             ... on level 3 of the Dungeon.
             The game lasted 00:00:54 (1769 turns).

qw the Chopper (Gargoyle Fighter)                   Turns: 1769, Time: 00:00:54

Health: -5/28      AC: 18    Str: 22    XL:     4   Next: 60%
Magic:  4/4        EV:  8    Int: 10    God:
Gold:   89         SH:  4    Dex:  9    Spells: 3/3 levels left

rFire   . . .        Y - +1 war axe (drain)
rCold   . . .        c - +0 buckler
rNeg    + . .        h - +0 chain mail
rPois   inf          j - +3 crown of Dyrovepreva {rElec Int+2 SInv}
rElec   +            (no cloak)
rCorr   .            a - +0 pair of gloves
SInv    +            f - +0 pair of boots
Will    .....        (no amulet) Stlth
                     (no ring)
HPRegen 0.24/turn    (no ring)
MPRegen 0.09/turn

%: no passive effects
@: no status effects
A: sickness immunity, AC +3, negative energy resistance 1, electricity
resistance, torment resistance 1, petrification resistance
a: no special abilities


You were on level 3 of the Dungeon.
You visited 1 branch of the dungeon, and saw 3 of its levels.

You collected 89 gold pieces.


Innate Abilities, Weirdness & Mutations

You are immune to sickness and miasma.
Your stone body is resilient. (AC +3)
You are immune to poison.
You resist negative energy. (rN+)
You are resistant to electric shocks. (rElec)
You are resistant to unholy torment.
You are immune to petrification.


   Skills:
 - Level 3.2 Fighting
 + Level 4.2 Axes
 - Level 3.2 Armour
 - Level 3.2 Shields


You had 3 spell levels left.
You didn't know any spells.
Your spell library was empty.

Inventory:

Hand Weapons
 e - a +0 mace
 m - a +0 war axe
 Y - a +1 war axe of draining (weapon)
Armour
 a - a +0 pair of gloves (worn)
 c - a +0 buckler (worn)
 f - a +0 pair of boots (worn)
 h - a +0 chain mail (worn)
 j - the +3 crown of Dyrovepreva (worn) {rElec Int+2 SInv}
   (You found it on level 2 of the Dungeon)

   Int:       It affects your intelligence (+2).
   rElec:     It insulates you from electricity.
   SInv:      It lets you see invisible.
Scrolls
 b - a scroll of fear {unknown}
 g - a scroll of fog {unknown}
 k - 2 scrolls of teleportation
Potions
 d - a potion of might
 l - a potion of haste {unknown}

Dungeon Overview and Level Annotations

Branches:
Dungeon (3/15)

Altars:


Message History

You see here a +0 ring mail.
Found 5 stones.
Enter note: 3 orcs come into view.
The orc shouts! x3; You hear a shout!
An ogre comes into view. It is wielding a +0 giant club.
Enter note: A ball python comes into view.
You hit the orc.
You kill the orc!
You hit the orc but do no damage. The orc hits you but does no damage.
You slash the orc!
You kill the orc!
You completely miss the ball python.
The ball python bites you but does no damage.
The ball python completely misses you. You block the ball python's attack.
The ball python closely misses you.
You completely miss the orc. You barely miss the ball python.
The orc hits you but does no damage. The ball python barely misses you.
The ball python grabs you. The ball python constricts you.
The orc hits you with a +0 hand axe.
You barely miss the ball python. You slash the orc!
The ball python bites you but does no damage.
The ball python constricts you. You block the orc's attack.
You block the ball python's attack. The ball python constricts you.
You barely miss the ball python. You hit the orc.
You kill the orc!
The ball python completely misses you. The ball python constricts you.
The ball python bites you but does no damage.
The ball python constricts you.
You slash the ball python!
You kill the ball python!
You hit the ogre but do no damage.
The ogre hits you with a +0 giant club!!
Ouch! That really hurt!
You slash the ogre! You drain the ogre.
The ogre is severely wounded.
The ogre hits you with a +0 giant club!
You die...

######### #.......#
#.#####.# ###
######.#####.# ..
..........##.### .#
.#####.##[....>##(####
.# #.#####.#..@%.?.#
.#####.. ...####O##.#
....########## .#
.##.# .. ....# ...
##..# ######### ....
....# #.......# ....#
##.## #.......# ..#.#
##.####....^..# #.


You could see an ogre (drained).

Vanquished Creatures
  3 adders (D:2)
  A dart slug (D:1)
  5 orcs
  3 bats
  6 endoplasms
  4 goblins
  9 hobgoblins
  4 jackals
  2 quokkas
  5 ball pythons
  6 kobolds
  5 rats (D:1)
53 creatures vanquished.

Notes
Turn   | Place    | Note
-------+----------+-------------------------------------------
     0 | D:1      | qw the Gargoyle Fighter began the quest for the Orb.
     0 | D:1      | Reached XP level 1. HP: 14/14 MP: 1/1
     0 | D:1      | 0 ||| qw: Version: 0.3-a-40-ge99b1a8
     0 | D:1      | 0 ||| qw: Game counter: 415
     0 | D:1      | 0 ||| qw: Melee chars always use a shield: true
     0 | D:1      | 0 ||| qw: God list: Okawaru
     0 | D:1      | 0 ||| qw: Allow faded altars: false
     0 | D:1      | 0 ||| qw: Do Orc after clearing Dungeon:15 true
     0 | D:1      | 0 ||| qw: Do second Lair branch before Depths: true
     0 | D:1      | 0 ||| qw: Lair rune preference: random
     0 | D:1      | 0 ||| qw: Goals: Normal, Zot:1-4, Slime:5, God:TSO, Crypt,
                  | Tomb, Abyss, Pan, Hells, Win
     0 | D:1      | 0 ||| PLANNING D:1-11
    38 | D:1      | Reached skill level 2 in Axes
   139 | D:1      | 139 ||| Stepping ~*~*~tactically~*~*~ (stealth).
   157 | D:1      | Reached XP level 2. HP: 16/19 MP: 2/2
   397 | D:1      | Reached skill level 3 in Axes
   448 | D:1      | Reached XP level 3. HP: 23/23 MP: 3/3
   683 | D:1      | 683 ||| FLEEEEING.
   689 | D:1      | 689 ||| FLEEEEING.
   690 | D:1      | 690 ||| FLEEEEING.
   691 | D:1      | 691 ||| FLEEEEING.
   737 | D:1      | 737 ||| Stepping ~*~*~tactically~*~*~ (stealth).
   743 | D:1      | Found a faded altar of an unknown god.
   751 | D:1      | 751 ||| UPGRADING to +0 pair of boots.
   756 | D:1      | 756 ||| READING scroll labelled OCRYIZUACO.
   826 | D:2      | 826 ||| Stepping ~*~*~tactically~*~*~ (stealth).
   834 | D:2      | 834 ||| FLEEEEING.
   937 | D:2      | Found the +3 crown of Dyrovepreva {rElec Int+2 SInv}
   949 | D:2      | Reached XP level 4. HP: 28/28 MP: 4/4
   954 | D:2      | 954 ||| Stepping ~*~*~tactically~*~*~ (hiding).
  1484 | D:2      | Reached skill level 4 in Axes
  1486 | D:2      | 1486 ||| DROPPING +0 hand axe.
  1574 | D:2      | 1574 ||| UPGRADING to +0 pair of gloves.
  1579 | D:2      | 1579 ||| UPGRADING to +0 chain mail.
  1589 | D:2      | 1589 ||| DROPPING +0 scale mail.
  1590 | D:2      | 1590 ||| UPGRADING to +3 crown of Dyrovepreva {rElec Int+2
                  | SInv}.
  1595 | D:2      | 1595 ||| READING scroll labelled NEIHIU DOCLUCSYA.
  1596 | D:2      | 1596 ||| READING 2 scrolls labelled YXURIMOTUF.
  1644 | D:3      | 1644 ||| Stepping ~*~*~tactically~*~*~ (hiding).
  1645 | D:3      | 1645 ||| Stepping ~*~*~tactically~*~*~ (hiding).
  1759 | D:3      | Noticed an ogre
  1769 | D:3      | Slain by an ogre

Levels and vault maps discovered:
D:1:      dpeg_arrival_orchard, layout_loops_ring,
          shapermc_ecumenical_altar_mp_urbaneastern
D:2:      layout_basic
D:3:      layout_loops_cross, lemuel_crystal_altar, minitemple,
          guppyfry_early_lair_pool

Skill      XL: |  1  2  3  4 |
---------------+-------------+-----
Axes           | 2 3 4 |  4.2
Fighting       | |  3.2
Armour         | |  3.2
Shields        | |  3.2

Action                     |  1- 3 |  4- 6 || total
---------------------------+-------+-------++-------
  Melee: War axe           |   103 |    40 ||   143
    Use: Scroll            |     1 |     2 ||     3
 Armour: Scale mail        |    40 |    22 ||    62
         Chain mail        |       |     7 ||     7
  Dodge: Dodged            |    50 |    18 ||    68
  Block: Buckler           |     9 |     7 ||    16

Table legend:
 A = Non-vault XP
 B = Vault XP
 C = Vault XP percentage of total XP
 D = Non-vault monster count
 E = Vault monster count
 F = Vault count percentage of total count
                 A         B        C        D         E       F
            +---------+---------+-------+---------+---------+-------
      Total |     132 |       0 |   0.0 |      53 |       0 |   0.0
            +---------+---------+-------+---------+---------+-------
        D:1 |      55 |       0 |   0.0 |      31 |       0 |   0.0
        D:2 |      58 |       0 |   0.0 |      13 |       0 |   0.0
        D:3 |      19 |       0 |   0.0 |       9 |       0 |   0.0
            +---------+---------+-------+---------+---------+-------
